[Event "Turkish Championship 2023"]
[Site "Kemer Antalya"]
[Date "2023.12.09"]
[Round "8"]
[White "Bicer, Atakan Mert"]
[Black "Metin, Enis"]
[Result "0-1"]
[ECO "D44"]
[WhiteElo "2318"]
[BlackElo "2031"]
[Annotator "ChessBase"]
[PlyCount "102"]
[EventDate "2023.12.01"]
[EventType "tourn"]
[EventCountry "TUR"]
[SourceTitle "playchess.com"]
[Source "ChessBase"]
[SourceQuality "1"]
[TimeControl "40/5400+30:1800+30"]

1. d4 d5 2. c4 dxc4 3. Nf3 Nf6 4. Nc3 e6 5. Bg5 c6 6. a4 Bb4 7. Qc2 b5 8. e4 h6 9. Bh4 Nbd7 10. Be2 Qb6 11. O-O Bb7 12. b3 g5 13. Bg3 Bxc3 14. Qxc3 Nxe4 15. Qe3 Nxg3 16. fxg3 cxb3 17. a5 Qd8 18. a6 b2 19. Ra2 Bc8 20. h4 Qb6 21. Ne5 Nxe5 22. Qxe5 Rf8 23. Bf3 Bxa6 24. Rxb2 O-O-O 25. Rc1 Bb7 26. Rc5 Qc7 27. Rbxb5 Qxe5 28. dxe5 Kc7 29. Rb4 Rc8 30. Rc3 a5 31. Rbc4 Rfd8 32. Kh2 Kd7 33. Rb3 Rc7 34. Kh3 Ra8 35. Ra4 Ra7 36. Kg4 c5 37. Kh5 Bd5 38. Rba3 c4 39. Rxa5 Rxa5 40. Rxa5 c3 41. Ra1 c2 42. Rc1 Rc4 43. Be2 Rc3 44. Kxh6 gxh4 45. gxh4 Bxg2 46. Kg5 Be4 47. Bb5+ Ke7 48. Kf4 Bf5 49. Kg5 Rg3+ 50. Kh5 Kf8 51. Kh6 Rg6+ 0-1

[Event "Turkish Championship 2023"]
[Site "Kemer Antalya"]
[Date "2023.12.09"]
[Round "8"]
[White "Taspinar, Yanki"]
[Black "Tarhan, Adar"]
[Result "0-1"]
[ECO "B80"]
[WhiteElo "2318"]
[BlackElo "2434"]
[Annotator "RC"]
[PlyCount "134"]
[EventDate "2023.12.01"]
[EventType "tourn"]
[EventCountry "TUR"]
[SourceTitle "playchess.com"]
[Source "ChessBase"]
[SourceQuality "1"]
[TimeControl "40/5400+30:1800+30"]

1. e4 c5 2. Nf3 e6 3. d4 cxd4 4. Nxd4 Nc6 5. Nc3 Qc7 6. Be3 a6 7. g4 b5 8. Nxc6 Qxc6 9. Qd2 Nf6 10. f3 d6 11. O-O-O Be7 12. Kb1 Bb7 13. a3 Rc8 14. h4 Nd7 15. g5 Ne5 16. Rh3 Nc4 17. Bxc4 Qxc4 18. Bd4 Rg8 19. Na2 d5 20. f4 dxe4 21. Rc3 Qd5 22. Rxc8+ Bxc8 23. Nc3 Qc6 24. Re1 f5 25. gxf6 gxf6 26. Nxe4 Kf7 27. Qe3 Rg2 28. Bc3 Qd5 29. f5 Rg4 30. fxe6+ Bxe6 31. b3 Rxh4 32. Bb2 Rxe4 33. Qxe4 Qxe4 34. Rxe4 h5 35. a4 f5 36. Rf4 Bd6 37. Rf3 h4 38. axb5 axb5 39. Bc1 Kg6 40. Re3 Bf7 41. c4 bxc4 42. bxc4 Bxc4 43. Kc2 Kh5 44. Rc3 Bd5 45. Kd1 Kg4 46. Rd3 h3 47. Rxd5 h2 48. Rxd6 h1=Q+ 49. Kc2 Qh2+ 50. Rd2 Qe5 51. Rd3 f4 52. Bxf4 Kxf4 53. Rd2 Qc5+ 54. Kd3 Qa3+ 55. Kc4 Qa4+ 56. Kc3 Ke3 57. Rd3+ Ke4 58. Rd2 Qa3+ 59. Kc2 Ke3 60. Kb1 Qb3+ 61. Ka1 Qa4+ 62. Ra2 Qd1+ 63. Kb2 Kd2 64. Ra5 Qc2+ 65. Ka3 Qc3+ 66. Ka4 Qc4+ 67. Ka3 Kc3 0-1

[Event "Turkish Championship 2023"]
[Site "Kemer Antalya"]
[Date "2023.12.09"]
[Round "8"]
[White "Tirpan, Ceren"]
[Black "Tuncer, Ufuk"]
[Result "1/2-1/2"]
[ECO "B92"]
[WhiteElo "1940"]
[BlackElo "2360"]
[Annotator "ChessBase"]
[PlyCount "163"]
[EventDate "2023.12.01"]
[EventType "tourn"]
[EventCountry "TUR"]
[SourceTitle "playchess.com"]
[Source "ChessBase"]
[SourceQuality "1"]
[TimeControl "40/5400+30:1800+30"]

1. e4 c5 2. Nc3 a6 3. Nf3 d6 4. d4 cxd4 5. Nxd4 Nf6 6. Be2 e5 7. Nb3 Be7 8. Be3 Be6 9. O-O Nbd7 10. f3 Rc8 11. Qd2 O-O 12. a4 Qc7 13. Rfd1 Rfd8 14. a5 h6 15. Bf1 Qc6 16. Rac1 Nc5 17. Nxc5 dxc5 18. Qe1 c4 19. Rxd8+ Rxd8 20. Ra1 Kf8 21. Na4 Nd7 22. h3 Rc8 23. Nc3 Bc5 24. Qf2 Bb4 25. Bd2 Ke8 26. Qg3 g5 27. h4 f6 28. Qf2 Kf7 29. Na4 Be7 30. Nc3 Bc5 31. Be3 Bxe3 32. Qxe3 Qc5 33. Qxc5 Rxc5 34. hxg5 hxg5 35. Kf2 Nb8 36. Nd5 Bxd5 37. exd5 Ke7 38. Ra4 Rxd5 39. Rxc4 Nc6 40. b4 Kd6 41. Ke1 Kd7 42. c3 Ne7 43. Re4 Rd6 44. c4 Nc6 45. b5 axb5 46. a6 bxa6 47. cxb5 axb5 48. Bxb5 Ke6 49. Bxc6 Rxc6 50. g4 Kd5 51. Kf2 Rc3 52. Ra4 Rc6 53. Kg3 Ke6 54. Re4 Rd6 55. Ra4 Rb6 56. Re4 Rc6 57. Ra4 Rd6 58. Rb4 Rd4 59. Rb6+ Kf7 60. Rb7+ Kg6 61. Re7 Rd2 62. Kh3 Rd8 63. Kg3 Rh8 64. Ra7 Re8 65. Ra4 Kf7 66. Ra7+ Re7 67. Ra4 Rd7 68. Ra1 Ke6 69. Ra6+ Rd6 70. Ra4 Rc6 71. Rb4 Kd5 72. Ra4 Kc5 73. Re4 Kb5 74. Re1 Rc3 75. Re4 Rd3 76. Kf2 Rd4 77. Re1 Kc4 78. Ra1 Rd2+ 79. Ke3 Rd4 80. Kf2 Rf4 81. Kg3 Kb5 82. Rc1 1/2-1/2

[Event "Turkish Championship 2023"]
[Site "Kemer Antalya"]
[Date "2023.12.10"]
[Round "9"]
[White "Isik, Alparslan"]
[Black "Taspinar, Yanki"]
[Result "1/2-1/2"]
[ECO "A08"]
[WhiteElo "2452"]
[BlackElo "2318"]
[Annotator "RC"]
[PlyCount "158"]
[EventDate "2023.12.01"]
[EventType "tourn"]
[EventCountry "TUR"]
[SourceTitle "playchess.com"]
[Source "ChessBase"]
[SourceQuality "1"]
[TimeControl "40/5400+30:1800+30"]

1. Nf3 Nf6 2. g3 d5 3. Bg2 c5 4. O-O g6 5. d4 cxd4 6. Nxd4 e5 7. Nb3 Nc6 8. Bg5 d4 9. e3 h6 10. Bxf6 Qxf6 11. exd4 Nxd4 12. Nxd4 exd4 13. Re1+ Be7 14. c3 O-O 15. cxd4 Be6 16. Nc3 Rad8 17. d5 Bf5 18. Qe2 Bc5 19. Rad1 h5 20. h3 Qg5 21. Qf3 a6 22. d6 b6 23. Nd5 Rxd6 24. b4 Rxd5 25. Qxd5 Bxb4 26. Re2 Bc5 27. Qe5 Qh6 28. Kh2 Qg7 29. Qf4 Kh7 30. Bf3 Be6 31. Kg2 Kg8 32. Bd5 Bc8 33. Qc7 Qf6 34. Bb7 Bf5 35. Qf4 a5 36. g4 Qh4 37. f3 Be6 38. Bd5 Bxd5 39. Rxd5 hxg4 40. hxg4 Kg7 41. Rd7 Qf6 42. Qxf6+ Kxf6 43. Re4 g5 44. Rd5 Kg6 45. Ree5 f6 46. Re6 Rc8 47. Rd7 a4 48. Kf1 Rh8 49. Rc6 Rh1+ 50. Kg2 Rg1+ 51. Kh2 Rc1 52. Re6 Rc2+ 53. Kh3 Rxa2 54. Re8 Rf2 55. Kg3 Rc2 56. Rg8+ Kh6 57. Kh3 Rf2 58. Rh8+ Kg6 59. Rg8+ Kh6 60. Kg3 Re2 61. Rc8 Re7 62. Rd2 Kg7 63. Rdd8 a3 64. Ra8 Kf7 65. Rd2 Bb4 66. Rd3 Be1+ 67. Kg2 Bb4 68. Rb3 Re2+ 69. Kf1 Rb2 70. Re3 a2 71. Ra7+ Kf8 72. Ra8+ Kf7 73. Ra7+ Kf8 74. Ra8+ Kg7 75. Ra7+ Kg6 76. Re8 Rb1+ 77. Kg2 a1=Q 78. Rg8+ Kh6 79. Rh8+ Kg6 1/2-1/2

[Event "Turkish Championship 2023"]
[Site "Kemer Antalya"]
[Date "2023.12.10"]
[Round "9"]
[White "Tarhan, Adar"]
[Black "Tirpan, Ceren"]
[Result "1-0"]
[ECO "B38"]
[WhiteElo "2434"]
[BlackElo "1940"]
[Annotator "RC"]
[PlyCount "93"]
[EventDate "2023.12.01"]
[EventType "tourn"]
[EventCountry "TUR"]
[SourceTitle "playchess.com"]
[Source "ChessBase"]
[SourceQuality "1"]
[TimeControl "40/5400+30:1800+30"]

1. e4 c5 2. Nf3 Nc6 3. d4 cxd4 4. Nxd4 g6 5. c4 Bg7 6. Be3 Nf6 7. Nc3 d6 8. Be2 Bd7 9. O-O O-O 10. Qd2 Nxd4 11. Bxd4 Bc6 12. f3 Ne8 13. Bf2 Qa5 14. Rab1 Bxc3 15. bxc3 Ng7 16. Rbe1 Rae8 17. Bd3 b6 18. f4 Qh5 19. f5 gxf5 20. exf5 Nxf5 21. Bxf5 Qxf5 22. Bd4 Qh5 23. Re3 e5 24. Rh3 Qg6 25. Rg3 exd4 26. cxd4 Re4 27. Rxg6+ hxg6 28. d5 Bd7 29. Qb4 Rfe8 30. Qxd6 Bf5 31. c5 bxc5 32. Qxc5 Re2 33. Qb5 a6 34. Qa5 Rb8 35. d6 Rb5 36. Qxa6 Rbb2 37. Qc6 Rbc2 38. Qf3 Rxa2 39. Rd1 Re8 40. h4 Ra7 41. Rd4 Re1+ 42. Kh2 Rea1 43. h5 R7a3 44. Qf4 Ra7 45. Qe5 R1a5 46. Qe8+ Kg7 47. h6+ 1-0

[Event "Turkish Championship 2023"]
[Site "Kemer Antalya"]
[Date "2023.12.10"]
[Round "9"]
[White "Tuncer, Ufuk"]
[Black "Yilmazyerli, Mert"]
[Result "0-1"]
[ECO "C54"]
[WhiteElo "2360"]
[BlackElo "2524"]
[Annotator "RC"]
[PlyCount "68"]
[EventDate "2023.12.01"]
[EventType "tourn"]
[EventCountry "TUR"]
[SourceTitle "playchess.com"]
[Source "ChessBase"]
[SourceQuality "1"]
[TimeControl "40/5400+30:1800+30"]

1. e4 e5 2. Nf3 Nc6 3. Bc4 Bc5 4. d3 Nf6 5. Bg5 h6 6. Bh4 d6 7. c3 g5 8. Bg3 Qe7 9. a4 a5 10. Nbd2 Nh5 11. h3 Nf4 12. Bxf4 gxf4 13. Qb3 Rg8 14. Rh2 Kf8 15. Ke2 Ba7 16. Rf1 Nd8 17. Kd1 Ne6 18. Kc1 Nc5 19. Qc2 Bd7 20. b3 Ne6 21. Kb1 c6 22. g3 b5 23. axb5 cxb5 24. Bxe6 Bxe6 25. gxf4 exf4 26. d4 Rc8 27. Qd3 d5 28. exd5 Bxd5 29. Re1 Qc7 30. Qf5 Bxf3 31. Nxf3 Qxc3 32. Qd5 Rg6 33. Rhh1 Qd3+ 34. Ka1 Rc2 0-1

[Event "Turkish Championship 2023"]
[Site "Kemer Antalya"]
[Date "2023.12.10"]
[Round "9"]
[White "Gunduz, Umut Erdem"]
[Black "Bicer, Atakan Mert"]
[Result "0-1"]
[ECO "B19"]
[WhiteElo "2318"]
[BlackElo "2318"]
[Annotator "RC"]
[PlyCount "74"]
[EventDate "2023.12.01"]
[EventType "tourn"]
[EventCountry "TUR"]
[SourceTitle "playchess.com"]
[Source "ChessBase"]
[SourceQuality "1"]
[TimeControl "40/5400+30:1800+30"]

1. e4 c6 2. d4 d5 3. Nd2 dxe4 4. Nxe4 Bf5 5. Ng3 Bg6 6. h4 h6 7. Nf3 e6 8. Ne5 Bh7 9. Qh5 Qc7 10. Bc4 Nf6 11. Qe2 Bd6 12. Bf4 O-O 13. O-O-O Nbd7 14. Nh5 Nxh5 15. Qxh5 Nf6 16. Qe2 Nd5 17. Bh2 Rfe8 18. g4 f6 19. Nf3 Bxh2 20. Nxh2 c5 21. Kb1 Nb4 22. Rd2 cxd4 23. Bb3 Rad8 24. Ka1 Qf4 25. g5 Bxc2 26. Rxc2 d3 27. Rc4 Qxc4 28. Qd2 Nc2+ 29. Kb1 Qxh4 30. gxf6 Nd4 31. Bd1 Ne2 32. Bb3 Qf4 33. Qa5 d2 34. Bxe6+ Kh8 35. fxg7+ Kxg7 36. Rd1 Qe4+ 37. Ka1 Qxe6 0-1

[Event "Turkish Championship 2023"]
[Site "Kemer Antalya"]
[Date "2023.12.10"]
[Round "9"]
[White "Metin, Enis"]
[Black "Eren, Ataberk"]
[Result "0-1"]
[ECO "C13"]
[WhiteElo "2031"]
[BlackElo "2429"]
[Annotator "RC"]
[PlyCount "98"]
[EventDate "2023.12.01"]
[EventType "tourn"]
[EventCountry "TUR"]
[SourceTitle "playchess.com"]
[Source "ChessBase"]
[SourceQuality "1"]
[TimeControl "40/5400+30:1800+30"]

1. e4 e6 2. d4 d5 3. Nc3 Nf6 4. Bg5 dxe4 5. Nxe4 Be7 6. Nxf6+ Bxf6 7. Bxf6 Qxf6 8. Nf3 O-O 9. Qd3 c5 10. O-O-O Rd8 11. Qe4 cxd4 12. Bd3 g6 13. g4 Nd7 14. g5 Qf5 15. Qxf5 gxf5 16. Nxd4 Nc5 17. Nf3 b6 18. Ne5 Bb7 19. Rhe1 Nd7 20. Ba6 Nxe5 21. Bxb7 Rxd1+ 22. Rxd1 Rb8 23. Ba6 Re8 24. a4 Re7 25. b4 Kg7 26. Kb2 Nf3 27. c4 Nxg5 28. Bb5 Rc7 29. Rd7 Rxd7 30. Bxd7 Kf6 31. c5 bxc5 32. b5 Ke7 33. Bc6 Kd6 34. Be8 f6 35. a5 Kc7 36. f4 Ne4 37. b6+ axb6 38. axb6+ Kxb6 39. Bd7 Nf2 40. Kc2 Nh3 41. Bxe6 Nxf4 42. Bxf5 h6 43. Kd2 Nd5 44. Ke2 c4 45. Kf3 Kc5 46. Bb1 Kd4 47. Kg4 Ke5 48. Kh5 f5 49. Kxh6 f4 0-1